 Dungeon Crawl Stone Soup version 0.31-a0-165-g3f4f80340b (webtiles) character file.

Game seed: 3768615089823727235

7 qw the Shooter (level 2, -1/26 HPs)
             Began as a Naga Hunter on June 13, 2023.
             Slain by a rat (2 damage)
             ... on level 1 of the Dungeon.
             The game lasted 00:00:04 (128 turns).

qw the Shooter (Naga Hunter)                         Turns: 128, Time: 00:00:04

Health: -1/26      AC:  2    Str: 13    XL:     2   Next: 0%
Magic:  2/2        EV:  9    Int:  9    God:
Gold:   5          SH:  0    Dex: 14    Spells: 1/1 levels left

rFire   . . .        a - +0 shortbow
rCold   . . .        (shield currently unavailable)
rNeg    . . .        c - +0 leather armour
rPois   +            (no helmet)
rElec   .            (no cloak)
rCorr   .            (no gloves)
SInv    +            (no barding)
Will    .....        (no amulet)
Stlth   ++           (no ring)
HPRegen 0.24/turn    (no ring)
MPRegen 0.08/turn

%: no passive effects
@: short of breath, very slow
A: AC +0, large, see invisible, deformed body, poison resistance, slowness 2,
spit poison 1, naga tail 1
a: Spit Poison


You were on level 1 of the Dungeon.
You visited 1 branch of the dungeon, and saw 1 of its levels.

You collected 5 gold pieces.


Innate Abilities, Weirdness & Mutations

Your serpentine skin is tough. (AC +0)
You have supernaturally acute eyesight. (SInv)
Armour fits poorly on your strangely shaped body.
Your system is resistant to poisons. (rPois)
You cover ground very slowly.
You can spit poison.
You have a snake-like lower body.


   Skills:
 - Level 2.0 Fighting
 + Level 4.0 Ranged Weapons
 - Level 1.5 Dodging
 - Level 1.5 Stealth


You had one spell level left.
You didn't know any spells.
Your spell library was empty.

Inventory:

Hand Weapons
 a - a +0 shortbow (weapon)
Armour
 c - a +0 leather armour (worn)
Jewellery
 d - a +6 ring of strength
Scrolls
 b - a scroll of butterflies
 f - a scroll of fog {unknown}
 g - a scroll of vulnerability {unknown}
Potions
 e - a potion of magic {unknown}

Dungeon Overview and Level Annotations

Branches:
Dungeon (1/15)

Altars:


Message History

The splash of poison hits the kobold but does no damage.
The kobold is poisoned.
The bat barely misses you. The rat closely misses you.
The kobold hits you with a +0 short sword.
You shoot an arrow.
The arrow hits the kobold but does no damage.
The bat hits you but does no damage. The rat bites you.
The kobold hits you with a +0 short sword.
You shoot an arrow. The arrow barely misses the kobold.
The arrow barely misses the ball python.
You kill the kobold!
The bat barely misses you. The rat bites you.
The bat hits you but does no damage. The ball python barely misses you.
The rat bites you but does no damage.
Your Ranged Weapons skill increases to level 4!
You have reached level 2!
You shoot an arrow.
The arrow closely misses the ball python.
The arrow hits the dart slug.
The dart slug is almost dead.
You have got your breath back.
The bat hits you but does no damage. The ball python bites you.
The rat bites you. The ball python barely misses you.
126 ||| INVOKING Spit Poison.
Aiming: Spit Poison (2% risk of failure)
Press: ? - help, Shift-Dir - straight line, f - bat, p - ball python The splash of poison hits the bat.
The bat is poisoned.
The bat is heavily wounded.
The bat closely misses you. The rat barely misses you.
The ball python bites you but does no damage.
You shoot an arrow. The arrow hits the ball python.
The ball python is severely wounded.
The bat closely misses you. The ball python barely misses you.
The rat bites you but does no damage.
You shoot an arrow. The arrow hits the ball python!
You kill the ball python!
You feel a bit more experienced. The rat bites you but does no damage.
The dart slug launches a dart at you. The slug dart hits you.
The rat bites you.
You die...

#........# ######
#........#####
#............#
#.......##...####
##...............
#....####.......
#########.....#
###..##
..............#
....
.......@#.....#
...
......r)#.....#
...
.......w#.....#
+##
#.....#.#.....#
#.###.........# .
##..#####.# ...
.# ....


You could see a dart slug and a rat.

Vanquished Creatures
  A ball python (D:1)
  3 bats (D:1)
  A goblin (D:1)
  A kobold (D:1)
  2 rats (D:1)
8 creatures vanquished.

Notes
Turn   | Place    | Note
-------+----------+-------------------------------------------
     0 | D:1      | qw the Naga Hunter began the quest for the Orb.
     0 | D:1      | Reached XP level 1. HP: 19/19 MP: 1/1
     0 | D:1      | 0 ||| qw: Version: 0.2-a-29-gc1b59c4
     0 | D:1      | 0 ||| qw: Game counter: 4730
     0 | D:1      | 0 ||| qw: Always use a shield: true
     0 | D:1      | 0 ||| qw: God list: Okawaru
     0 | D:1      | 0 ||| qw: Allow faded altars: false
     0 | D:1      | 0 ||| qw: Do Orc after D:15 true
     0 | D:1      | 0 ||| qw: Do second Lair branch before Depths: true
     0 | D:1      | 0 ||| qw: Lair rune preference: random
     0 | D:1      | 0 ||| qw: Plans: Normal
     0 | D:1      | 0 ||| PLANNING D:1-11
    87 | D:1      | 87 ||| INVOKING Spit Poison.
    92 | D:1      | 92 ||| INVOKING Spit Poison.
   116 | D:1      | 116 ||| INVOKING Spit Poison.
   122 | D:1      | 122 ||| INVOKING Spit Poison.
   125 | D:1      | Reached skill level 4 in Ranged Weapons
   125 | D:1      | Reached XP level 2. HP: 6/26 MP: 2/2
   125 | D:1      | HP: 6/26 [ball python (1)]
   126 | D:1      | 126 ||| INVOKING Spit Poison.
   128 | D:1      | HP: 1/26 [dart slug/slug dart (4)]
   128 | D:1      | Slain by a rat

Levels and vault maps discovered:
D:1:      lemuel_arrival_tunnels, layout_basic,
          dreamdust_ecumenical_altar_hidden_monk_grotto, hangedman_decor_points,
          minmay_bisected

Skill      XL: |  1 |
---------------+----+-----
Ranged Weapons | 4 |  4.0
Fighting       | |  2.0
Dodging        | |  1.5
Stealth        | |  1.5

Action                     || total
---------------------------++-------
   Fire: Shortbow          ||    16
Ability: Spit Poison       ||     5
 Armour: Leather armour    ||    12
  Dodge: Dodged            ||    17

Table legend:
 A = Non-vault XP
 B = Vault XP
 C = Vault XP percentage of total XP
 D = Non-vault monster count
 E = Vault monster count
 F = Vault count percentage of total count
                 A         B        C        D         E       F
            +---------+---------+-------+---------+---------+-------
      Total |       8 |       6 |  42.9 |       5 |       3 |  37.5
            +---------+---------+-------+---------+---------+-------
        D:1 |       8 |       6 |  42.9 |       5 |       3 |  37.5
            +---------+---------+-------+---------+---------+-------
